 Dungeon Crawl Stone Soup version 0.29.0-7-g18a832c13a (webtiles) character file.

Game seed: 14531074196864866576

1722 browni3141 the Basher (level 9, -7/74 HPs)
             Began as a Meteoran Delver on Aug 31, 2022.
             Was a Follower of Vehumet.
             Mangled by a vampire (12 damage)
             ... on level 7 of the Dungeon.
             The game lasted 00:26:33 (3711 turns).

browni3141 the Basher (Meteoran Delver)             Turns: 3711, Time: 00:26:34

Health: -7/74      AC:  5    Str: 15    XL:     9   Next: 49%
Magic:  3/19       EV: 14    Int: 15    God:    Vehumet [*.....]
Gold:   217        SH:  0    Dex: 22    Spells: 10/20 levels left

rFire   . . .      SeeInvis .   a - +1 flail (protect)
rCold   . . .      Faith    .   (no shield)
rNeg    . . .      Spirit   .   n - +2 robe {Will+}
rPois   .          Reflect  .   (no helmet)
rElec   .          Harm     .   (no cloak)
rCorr   .          Rampage  .   p - +0 pair of gloves
Will    ++...                   (no boots)
Stlth   +.........              g - amulet of regeneration
HPRegen 1.02/turn               X - +6 ring of dexterity
MPRegen 0.16/turn               (no ring)

@: very slightly contaminated, glowing
A: sense surroundings 2, otherworldly, glowing, explore regen
a: Renounce Religion


You were on level 7 of the Dungeon.
You worshipped Vehumet.
Vehumet was aware of your devotion.
You visited 2 branches of the dungeon, and saw 8 of its levels.

You collected 305 gold pieces.
You spent 88 gold pieces at shops.


Innate Abilities, Weirdness & Mutations

You passively map the area around you.
You are easily found by Zot.
You glow in the dark.
You regain HP and MP as you explore.


   Skills:
 - Level 5.0 Fighting
 - Level 10.0 Maces & Flails
 - Level 3.0 Dodging
 - Level 4.0 Stealth
 - Level 6.0 Spellcasting
 * Level 4.6 Conjurations
 - Level 4.0 Fire Magic


You had 10 spell levels left.
You knew the following spells:

 Your Spells              Type           Power      Damage    Failure   Level
y - Sticky Flame          Conj/Fire      17%        2d4       26%         4
X - Scorch                Fire           32%        2d6       4%          2
Y - Flame Wave            Conj/Fire      17%        2d7       26%         4

Your spell library contained the following spells:

 Spells                   Type           Power      Damage    Failure   Level
 Magic Dart               Conj           72%        1d6       2%          1
 Static Discharge         Conj/Air       11%        3-5/arc   9%          2
 Blink                    Tloc           8%         N/A       22%         2
 Ensorcelled Hibernation  Hex/Ice        8%         N/A       22%         2
 Passwall                 Tmut/Erth      3%         N/A       22%         2
 Call Canine Familiar     Summ           4%         N/A       41%         3
 Portal Projectile        Hex/Tloc       8%         N/A       41%         3
 Swiftness                Air            4%         N/A       41%         3
 Dispel Undead            Necr           4%         3d7       82%         4
 Leda's Liquefaction      Hex/Erth       2%         N/A       82%         4
 Manifold Assault         Tloc           4%         N/A       99%         5
 Summon Cactus Giant      Summ           2%         N/A       100%        6
 Storm Form               Tmut/Air       2%         N/A       100%        7

Inventory:

Hand Weapons
 a - a +1 flail of protection (weapon)
 h - a +0 flail
 y - a +0 mace
Missiles
 w - 6 poisoned darts {@f3}
Armour
 b - a +0 leather armour
 n - a +2 robe of willpower (worn)
 p - a +0 pair of gloves (worn)
Jewellery
 g - an amulet of regeneration (around neck)
 X - a +6 ring of dexterity (left hand)
Wands
 A - a wand of digging (2)
Scrolls
 c - 2 scrolls of blinking {@r3}
 f - a scroll of enchant weapon {unknown}
 j - 2 scrolls of fear
 k - 2 scrolls of teleportation {@r4}
 l - a scroll of summoning {unknown}
 m - a scroll of enchant armour {unknown}
 o - 2 scrolls of fog {@r5}
 r - a scroll of poison {unknown}
 s - 3 scrolls of vulnerability {unknown}
 t - a scroll of brand weapon {unknown}
 u - a scroll of amnesia {unknown}
 v - 3 scrolls of immolation {unknown}
 z - a scroll of torment {unknown}
Potions
 d - 3 potions of brilliance
 e - 2 potions of heal wounds {@q2}
 i - a potion of degeneration {!q}
 q - 2 potions of ambrosia
 x - a potion of mutation {!q}
 B - 2 potions of flight
 C - a potion of magic {unknown}
 D - a potion of cancellation {unknown}

Dungeon Overview and Level Annotations

Branches:
Dungeon (7/15) Zot: 939    Temple (1/1) D:4 Zot: 133

Altars:
Ashenzari
Cheibriados
Dithmenos
Elyvilon
Gozag
Hepliaklqana
Kikubaaqudgha
Makhleb
Nemelex Xobeh
Okawaru
Qazlal
Ru
Sif Muna
Trog
Uskayaw
Vehumet
Wu Jian
Xom
Yredelemnul
Zin
The Shining One

Shops:
D:1 *   D:5 ?

Annotations:
D:3 Sigmund

# , *, ,,
**,¦..#..#..#* # * *¦.
¦.......#* , #
¦¦.¦.¦Y¦¦*.¦¦¦.......#
# *,,*.¦¦.¦¦.
¦.¦.¦¦....>.# , ,,
#####.¦¦{....¦
.¦¦..¦......# ,,
#......¦.....
¦.¦.¦.¦¦)##### , ...#
*,*¦...¦*.¦¦.¦..¦..#
,, ####
...¦¦.¦.¦¦.¦¦¦.#
.....#
¦.¦¦.¦¦@¦.¦¦.¦.# *
######*,
¦.¦¦..{¦¦....¦.# *, ,
*#.¦.¦.¦¦¦¦¦¦¦¦¦..# ,
#................# ,
,, #####.......######
, ########<# #.#####.#
* * .........# #.#
########## #.# * * #.#
* , , ,,


There were no monsters in sight!


Message History

Unknown command.
Casting: Sticky Flame (dangerous; 26% risk of failure)
Confirm with . or Enter, or press ? or * to list all spells.
Okay, then.
Unknown command.
You are too injured to fight recklessly!
Unknown command.
Casting: Scorch (safe; 4% risk of failure)
Press: ? - help, Q - select action, (/) - cycle Dir - look around, f - activate Flames lash the vampire.
The vampire is heavily damaged.
The vampire's fire resistance burns away.
The vampire burns!
The vampire draws life force from you!
* * * LOW HITPOINT WARNING * * *
The vampire is healed by the life force!
Unknown command.
Casting: Scorch (safe; 4% risk of failure)
Press: ? - help, Q - select action, (/) - cycle Dir - look around, f - activate Flames lash the vampire.
The vampire is burned terribly!
The vampire is severely damaged.
The vampire burns!
Something hits you.
* * * LOW HITPOINT WARNING * * *
Something bites you.
* * * LOW HITPOINT WARNING * * *
Something draws strength from your injuries!
Unknown command.
Something hits you!
* * * LOW HITPOINT WARNING * * *
Something bites you!
You die...

Skill      XL: |  1  2  3  4  5  6  7  8  9 |
---------------+----------------------------+-----
Maces & Flails | 5 6 8 10 | 10.0
Fighting       | 4 5 |  5.0
Fire Magic     | 1 3 4 |  4.0
Spellcasting   | 2 4 6 |  6.0
Dodging        | 3 |  3.0
Stealth        | 4 |  4.0
Conjurations   | 4 |  4.6

Action                   |  1- 3 |  4- 6 |  7- 9 || total
-------------------------+-------+-------+-------++-------
Melee: Mace              |    15 |   135 |       ||   150
       Punch             |       |     1 |     1 ||     2
       Flail             |       |    42 |   118 ||   160
Throw: Dart              |       |    10 |     6 ||    16
       Throwing net      |       |     1 |     1 ||     2
 Cast: Scorch            |       |       |    59 ||    59
       Sticky Flame      |       |       |     1 ||     1
Evoke: Wand              |       |     1 |       ||     1
  Use: Potion            |     1 |       |     2 ||     3
       Scroll            |       |     7 |     2 ||     9
 Stab: Sleeping          |       |     4 |     2 ||     6
       Held in net/web   |       |       |     4 ||     4
Armor: Leather armour    |     2 |    24 |       ||    26
       Robe              |       |    24 |    40 ||    64
Dodge: Dodged            |     6 |    92 |    81 ||   179

Levels and vault maps discovered:
D:1:      sevenhm_arrival_forest_fort_small_3, layout_basic, serial_shops, shop
D:2:      layout_rooms, basic_altar, hangedman_decor_opposing
D:3:      layout_basic, minmay_misc_feat_nine_boxes, minmay_vboxes, uniq_sigmund
D:4:      corexii_shack_village, layout_cave_pools,
          nicolae_overflow_hallway_of_the_gods, minmay_temple_entry_tees,
          uniq_menkaure
D:5:      layout_loops_ring, serial_shops, kennysheep_little_box
D:6:      layout_loops_ring, cheibrodos_sewer_entry_drain
D:7:      minmay_the_grid_triangle_9x9_rhombus_thin
          [minmay_the_grid_triangle_9x9_fully_insulated_deathbox,
          minmay_the_grid_triangle_9x9_prize_special,
          minmay_the_grid_triangle_9x9_longest,
          minmay_the_grid_triangle_9x9_warning], layout_basic, sword_in_stone
Temple:   nicolae_temple_bog_church

Notes
Turn   | Place    | Note
-------+----------+-------------------------------------------
     0 | D:5      | browni3141 the Meteoran Delver began the quest for the Orb.
     0 | D:5      | Reached XP level 1. HP: 19/19 MP: 2/2
     1 | D:6      | Noticed a necrophage
    19 | D:6      | Killed a necrophage
    20 | D:6      | Reached skill level 5 in Maces & Flails
    20 | D:6      | Reached XP level 2. HP: 12/26 MP: 3/3
    20 | D:6      | Reached XP level 3. HP: 14/31 MP: 4/4
    20 | D:6      | Reached XP level 4. HP: 18/39 MP: 5/5
    32 | D:5      | Noticed an ice beast
   104 | D:5      | Learned a level 2 spell: Scorch
   196 | D:5      | Noticed an ogre
   401 | D:2      | Reached XP level 5. HP: 46/46 MP: 6/6
   846 | D:1      | Found Xixzekh's Assorted Antiques.
   862 | D:1      | Bought a scroll labelled LOEROA XO FOE for 15 gold pieces
   862 | D:1      | Bought an orange potion for 13 gold pieces
   862 | D:1      | Bought a scroll labelled OLUERA HOAFI for 15 gold pieces
   906 | D:2      | Reached skill level 4 in Fighting
  1037 | D:2      | Found an ancient bone altar of Kikubaaqudgha.
  1120 | D:3      | Reached skill level 1 in Fire Magic
  1227 | D:3      | Noticed Sigmund
  1415 | D:3      | Reached skill level 6 in Maces & Flails
  1415 | D:3      | Reached XP level 6. HP: 32/52 MP: 7/7
  1737 | D:4      | Reached skill level 2 in Fire Magic
  1795 | D:4      | Noticed Menkaure
  1798 | D:4      | Reached skill level 3 in Fire Magic
  1798 | D:4      | Reached XP level 7. HP: 36/60 MP: 8/8
  1805 | D:4      | Killed Menkaure
  1806 | D:4      | Reached skill level 5 in Fighting
  1806 | D:4      | Reached skill level 7 in Maces & Flails
  1884 | D:4      | Found a staircase to the Ecumenical Temple.
  1890 | Temple   | Entered the Ecumenical Temple
  2067 | D:4      | Found a snail-covered altar of Cheibriados.
  2070 | D:4      | Found a broken altar of Ashenzari.
  2078 | D:4      | Found a basalt altar of Yredelemnul.
  2085 | D:4      | Found a hazy altar of Hepliaklqana.
  2085 | D:4      | Found a sparkling altar of Nemelex Xobeh.
  2088 | D:4      | Found an ancient bone altar of Kikubaaqudgha.
  2092 | D:4      | Found a radiant altar of Vehumet.
  2098 | D:4      | Became a worshipper of Vehumet
  2432 | D:4      | Reached skill level 1 in Spellcasting
  2432 | D:4      | Reached skill level 4 in Fire Magic
  2486 | D:4      | Reached skill level 8 in Maces & Flails
  2486 | D:4      | Reached skill level 2 in Spellcasting
  2486 | D:4      | Reached XP level 8. HP: 60/68 MP: 0/12
  2665 | D:5      | Reached skill level 3 in Dodging
  2667 | D:5      | Reached skill level 4 in Stealth
  2684 | D:5      | HP: 6/68 [poisoned by a gnoll]
  2799 | D:5      | Reached skill level 9 in Maces & Flails
  2849 | D:5      | Found Gomammet's Magic Scroll Emporium.
  2860 | D:5      | Bought a scroll of teleportation for 45 gold pieces
  2942 | D:6      | Reached skill level 10 in Maces & Flails
  2963 | D:6      | Reached * piety under Vehumet
  2963 | D:6      | Offered knowledge of Magic Dart by Vehumet.
  2964 | D:6      | Reached skill level 3 in Spellcasting
  3067 | D:6      | Reached skill level 4 in Spellcasting
  3067 | D:6      | Gained mutation: You passively map the area around you.
                  | [Meteoran growth]
  3067 | D:6      | Reached XP level 9. HP: 66/74 MP: 0/16
  3078 | D:6      | Learned a level 4 spell: Flame Wave
  3163 | D:6      | Learned a level 4 spell: Sticky Flame
  3269 | D:6      | Reached skill level 5 in Spellcasting
  3347 | D:6      | Reached skill level 1 in Conjurations
  3419 | D:7      | Reached skill level 2 in Conjurations
  3519 | D:7      | Reached skill level 6 in Spellcasting
  3519 | D:7      | Reached skill level 3 in Conjurations
  3648 | D:7      | Reached skill level 4 in Conjurations
  3711 | D:7      | HP: 5/74 [something (9)]
  3711 | D:7      | Mangled by a vampire

Vanquished Creatures
  A wyvern (D:7)
  Menkaure (D:4)
  A steam dragon (D:7)
  A water moccasin (D:6)
  A sky beast (D:6)
  A black bear (D:4)
  2 ogres
  An ice beast (D:5)
  A phantom (D:7)
  A bullfrog (D:6)
  2 necrophages (D:6)
  2 scorpions
  5 orc priests
  A hound (D:6)
  An orc wizard (D:4)
  6 gnolls
  5 adders
  A white imp (D:6)
  A worm (D:2)
  4 dart slugs
  15 orcs
  4 endoplasms
  5 giant cockroaches
  6 goblins
  5 hobgoblins
  9 kobolds
  5 quokkas
  4 ball pythons
  3 bats
  2 frilled lizards
  5 rats
102 creatures vanquished.

Table legend: (Time is in decaauts)
 A = Elapsed time spent in this place.
 B = Non-inter-level travel time spent in this place.
 C = Inter-level travel time spent in this place.
 D = Time resting spent in this place.
 E = Time spent auto-exploring this place.
 F = Levels seen in this place.
 G = Mean time per level.
                   A        B        C        D        E       F      G
               +--------+--------+--------+--------+--------+-----+--------+
         Total |   3727 |   3602 |    125 |    246 |    153 |   8 |  465.9 |
       Dungeon |   3260 |   3174 |     86 |      7 |      0 |   7 |  465.7 |
        Temple |    466 |    427 |     39 |    239 |    153 |   1 |  466.0 |
               +--------+--------+--------+--------+--------+-----+--------+

Top non-repeatable levels by time:
     D:3: 652 daAuts
     D:4: 502 daAuts
     D:1: 468 daAuts
  Temple: 466 daAuts
     D:5: 462 daAuts
     D:6: 460 daAuts
     D:7: 362 daAuts
     D:2: 354 daAuts

Table legend:
 A = Non-vault XP
 B = Vault XP
 C = Vault XP percentage of total XP
 D = Non-vault monster count
 E = Vault monster count
 F = Vault count percentage of total count
                 A         B        C        D         E       F
            +---------+---------+-------+---------+---------+-------
      Total |    2256 |     204 |   8.3 |      84 |      18 |  17.6
            +---------+---------+-------+---------+---------+-------
        D:1 |      11 |       0 |   0.0 |       6 |       0 |   0.0
        D:2 |      48 |       0 |   0.0 |      20 |       0 |   0.0
        D:3 |      94 |       7 |   6.9 |      16 |       4 |  20.0
        D:4 |     481 |     191 |  28.4 |      10 |      11 |  52.4
        D:5 |     401 |       0 |   0.0 |      16 |       0 |   0.0
        D:6 |     702 |       6 |   0.8 |       9 |       3 |  25.0
        D:7 |     490 |       0 |   0.0 |       5 |       0 |   0.0
     Temple |      29 |       0 |   0.0 |       2 |       0 |   0.0
            +---------+---------+-------+---------+---------+-------
